 Dungeon Crawl Stone Soup version 0.28-a0-384-g9e0c098162 (webtiles) character file.

Game seed: 13245468226549904175

2547 chris0x the Covert (level 9, -2/52 HPs)
             Began as a Kobold Brigand on Sept 1, 2021.
             Was an Initiate of Dithmenos.
             Slain by a vampire mosquito (8 damage)
             ... on level 7 of the Dungeon on Sept 2, 2021.
             The game lasted 00:34:05 (10244 turns).

chris0x the Covert (Kobold Brigand)                Turns: 10244, Time: 00:34:05

Health: -2/52      AC:  6    Str: 14    XL:     9   Next: 86%
Magic:  15/15      EV: 18    Int: 17    God:    Dithmenos [......]
Gold:   341        SH:  0    Dex: 20    Spells: 10/16 levels left

rFire   . . .      SeeInvis .   q - +1 dagger (protect)
rCold   . . .      Faith    .   (shield restricted)
rNeg    . . .      Spirit   .   b - +0 robe
rPois   .          Reflect  .   f - +0 helmet
rElec   .          Harm     .   c - +1 cloak
rCorr   +          Rampage  .   F - +0 pair of gloves
Will    .....                   (no boots)
Stlth   +++++.....              w - amulet of magic regeneration
HPRegen 0.17/turn               z - ring of resist corrosion
MPRegen 0.39/turn               o - ring of Zoge {Str+6 Int+5}

@: no status effects
A: small, no large weapons, nightstalker 3, mutation resistance 1, wild magic 1
a: Renounce Religion


You were on level 7 of the Dungeon.
You worshipped Dithmenos.
Dithmenos was noncommittal.
You visited 2 branches of the dungeon, and saw 8 of its levels.

You collected 341 gold pieces.

Inventory:

Hand Weapons
 a - a +2 dagger
 j - a +0 hunting sling
 p - a +0 rapier
 q - a +1 dagger of protection (weapon)
Missiles
 d - 21 poisoned darts (quivered)
 e - 2 curare-tipped darts
 h - 60 bolts
 k - 122 stones
 n - 4 boomerangs
 r - 161 arrows
 I - 20 sling bullets
Armour
 b - a +0 robe (worn)
 c - a +1 cloak (worn)
 f - a +0 helmet (worn)
 s - a +0 leather armour
 u - a +0 ring mail
 x - a +3 scale mail
 y - a +0 buckler
 F - a +0 pair of gloves (worn)
Magical Staves
 B - a staff of poison
 E - a staff of air
 H - a staff of cold
Jewellery
 o - the ring of Zoge (right hand) {Str+6 Int+5}
   (You acquired it on level 5 of the Dungeon)

   [ring of strength]

   Str:       It affects your strength (+6).
   Int:       It affects your intelligence (+5).
 w - an amulet of magic regeneration (around neck)
 z - a ring of resist corrosion (left hand)
Wands
 t - a wand of flame (31)
Scrolls
 i - a scroll of vulnerability
 G - 4 scrolls of magic mapping
Potions
 g - a potion of attraction {unknown}
 l - a potion of brilliance
 m - 2 potions of lignification
 A - a potion of resistance {unknown}
 C - 2 potions of berserk rage {unknown}
 D - a potion of mutation
 J - 2 potions of heal wounds {unknown}
 K - a potion of ambrosia {unknown}


   Skills:
 + Level 4.4 Fighting
 + Level 5.2 Short Blades
 + Level 4.6 Throwing
 + Level 2.0 Armour
 * Level 6.0 Dodging
 * Level 9.4 Stealth
 * Level 4.3 Spellcasting
 + Level 1.5 Conjurations
 + Level 2.5 Summonings
 + Level 2.3 Air Magic
 + Level 2.4 Poison Magic
 + Level 3.5 Evocations


You had 10 spell levels left.
You knew the following spells:

 Your Spells              Type           Power      Damage    Failure   Level
a - Magic Dart            Conj           44%        1d5       13%         1
b - Call Imp              Summ           16%        N/A       13%         2
c - Mephitic Cloud        Conj/Pois/Air  14%        N/A       26%         3

Your spell library contained the following spells:

 Spells                   Type           Power      Damage    Failure   Level
 Stone Arrow              Conj/Erth      16%        3d8       41%         3
 Animate Armour           Summ/Erth      20%        N/A       73%         4
 Hailstorm                Conj/Ice       8%         3d4       80%         4
 Ice Form                 Ice/Tmut       4%         N/A       88%         4
 Simulacrum               Ice/Necr       2%         N/A       100%        6
 Lehudib's Crystal Spear  Conj/Erth      4%         10d3      100%        8


Dungeon Overview and Level Annotations

Branches:
Dungeon (7/15)             Temple (1/1) D:6

Altars:
Ashenzari
Cheibriados
Dithmenos
Elyvilon
Gozag
Hepliaklqana
Makhleb
Nemelex Xobeh
Qazlal
Sif Muna
Trog
Uskayaw
Vehumet
Wu Jian
Xom
Zin
The Shining One

Shops:
D:1 (   D:2 ?   D:5 **=[


Innate Abilities, Weirdness & Mutations

You are small and have problems with some larger weapons.
You are completely attuned to the shadows.
You are somewhat resistant to further mutation.
Your spells are a little harder to cast, but a little more powerful.


Message History

The puff of flame misses the vampire mosquito.
The vampire mosquito misses you.
Aiming: Throw Flame
Press: ? - help, Shift-Dir - straight line, f/p - vampire mosquito
Aim: a vampire mosquito (moderately damaged, 53% to hit)
The puff of flame hits the vampire mosquito.
The vampire mosquito is heavily damaged.
The vampire mosquito misses you.
The vampire mosquito completely misses you.
Aiming: Throw Flame
Press: ? - help, Shift-Dir - straight line, f/p - vampire mosquito
Aim: a vampire mosquito (heavily damaged, 53% to hit)
The puff of flame hits the vampire mosquito!
The vampire mosquito is severely damaged.
The vampire mosquito misses you.
Aiming: Throw Flame
Press: ? - help, Shift-Dir - straight line, f/p - vampire mosquito
Aim: a vampire mosquito (severely damaged, 53% to hit)
The puff of flame hits the vampire mosquito.
The vampire mosquito is almost destroyed.
The vampire mosquito closely misses you.
The vampire mosquito barely misses you.
Aiming: Throw Flame
Press: ? - help, Shift-Dir - straight line, f/p - vampire mosquito
Aim: a vampire mosquito (almost destroyed, 53% to hit)
The puff of flame hits the vampire mosquito.
The vampire mosquito is almost destroyed.
The vampire mosquito barely misses you.
The vampire mosquito closely misses you.
Aiming: Throw Flame
Press: ? - help, Shift-Dir - straight line, f/p - vampire mosquito
Aim: a vampire mosquito (almost destroyed, 53% to hit)
The puff of flame misses the vampire mosquito.
The puff of flame hits the ogre!
The ogre is moderately wounded.
The vampire mosquito bites you.
* * * LOW HITPOINT WARNING * * *
The vampire mosquito draws strength from your injuries!
The vampire mosquito bites you!
You die...

### ############ #.#
#.ยง..Oy@....
#.######y########## #.....<#.#
#.######y# #################
#.# #O######................
#.######.##.......#############
#.##......#.......#####
###.........'............
#....#......#............


You could see a vampire mosquito and an ogre.

Vanquished Creatures
  2 sky beasts
  A black bear (D:7)
  3 ice beasts
  4 ogres
  A centaur (D:7)
  A kobold brigand (D:7)
  2 scorpions
  3 wights (D:5)
  2 hounds
  2 orc priests
  2 bullfrog skeletons (D:5)
  A gnoll shaman (D:7)
  A jelly (D:7)
  2 orc wizards
  3 iguanas
  A killer bee zombie (D:5)
  A hound zombie (D:5)
  Robin (D:1)
  3 gnolls (D:7)
  3 adders
  A howler monkey skeleton (D:7)
  An adder skeleton (D:4)
  A worm (D:2)
  2 dart slugs
  12 orcs
  2 bats
  7 endoplasms
  3 giant cockroaches
  10 goblins
  9 hobgoblins
  5 jackals
  A quokka (D:2)
  12 ball pythons
  10 kobolds
  4 rats
119 creatures vanquished.

Vanquished Creatures (collateral kills)
  A hornet (D:6)
  An ice beast (D:7)
  2 centaurs
  A wight (D:5)
  A howler monkey (D:6)
  A gnoll shaman (D:7)
  A hound (D:5)
  2 orc wizards
  A hound skeleton (D:5)
  A gnoll (D:7)
  An adder (D:6)
  2 ufetubi
  3 orcs
  3 kobolds (D:7)
21 creatures vanquished.

Vanquished Creatures (others)
  7 plants (D:7)
  4 withered plants (D:7)
11 creatures vanquished.

Grand Total: 151 creatures vanquished

Notes
Turn   | Place    | Note
-------+----------+-------------------------------------------
     0 | D:1      | chris0x the Kobold Brigand began the quest for the Orb.
     0 | D:1      | Reached XP level 1. HP: 12/12 MP: 1/1
    42 | D:1      | Found Xalewalo's Weapon Boutique.
   209 | D:1      | Reached XP level 2. HP: 17/17 MP: 2/2
   253 | D:1      | Reached skill level 6 in Stealth
   795 | D:1      | Reached XP level 3. HP: 20/21 MP: 3/3
  1030 | D:2      | Gained mutation: You are somewhat resistant to further
                  | mutation. [potion of mutation]
  1030 | D:2      | Gained mutation: Your spells are a little harder to cast,
                  | but a little more powerful. [potion of mutation]
  1154 | D:2      | Found Roel Reuges's Magic Scroll Boutique.
  1164 | D:2      | Noticed Robin
  1227 | D:1      | HP: 1/22 [hobgoblin[Robin] (3)]
  1754 | D:1      | HP: 1/22 [Robin (8)]
  1756 | D:1      | Killed Robin
  1757 | D:1      | Reached XP level 4. HP: 1/27 MP: 4/4
  2964 | D:3      | Found a glowing golden altar of the Shining One.
  2979 | D:3      | Found an opulent altar of Gozag.
  2980 | D:3      | Found a shimmering altar of Xom.
  2987 | D:3      | Found a stormy altar of Qazlal.
  3224 | D:3      | Reached XP level 5. HP: 30/31 MP: 6/6
  3358 | D:4      | Noticed an ogre
  3362 | D:4      | Killed an ogre
  3363 | D:4      | Reached skill level 7 in Stealth
  3363 | D:4      | Reached skill level 1 in Spellcasting
  3410 | D:4      | Reached skill level 1 in Evocations
  3410 | D:4      | Reached XP level 6. HP: 36/36 MP: 6/8
  3467 | D:4      | Noticed an ogre
  3471 | D:4      | Killed an ogre
  3516 | D:4      | Found a white marble altar of Elyvilon.
  3931 | D:4      | Reached XP level 7. HP: 30/41 MP: 9/9
  4121 | D:4      | Learned a level 1 spell: Magic Dart
  4124 | D:4      | Learned a level 2 spell: Call Imp
  4128 | D:4      | Learned a level 3 spell: Mephitic Cloud
  4816 | D:5      | Entered Level 5 of the Dungeon
  5368 | D:5      | Identified a scroll of acquirement
  5368 | D:5      | Acquired the ring of Zoge {Str+6 Int+5}
  5599 | D:5      | Reached skill level 8 in Stealth
  5599 | D:5      | Reached skill level 1 in Summonings
  5599 | D:5      | Reached skill level 1 in Poison Magic
  5599 | D:5      | Reached XP level 8. HP: 21/44 MP: 11/11
  5777 | D:5      | Found Iroimid's General Store.
  5833 | D:5      | Reached skill level 1 in Air Magic
  6096 | D:5      | Found Pouplaown's Armour Shop.
  6157 | D:5      | Found Bafypn's Jewellery Boutique.
  6352 | D:5      | Found Bionk's Assorted Antiques.
  6620 | D:6      | Reached skill level 1 in Armour
  6809 | D:6      | Noticed a hornet
  6839 | D:6      | Killed a hornet
  6840 | D:6      | Reached skill level 5 in Dodging
  6840 | D:6      | Reached XP level 9. HP: 21/52 MP: 11/14
  7033 | D:6      | Found a glowing silver altar of Zin.
  7330 | D:6      | Reached skill level 9 in Stealth
  7337 | D:6      | Reached skill level 5 in Short Blades
  7723 | D:6      | Found a staircase to the Ecumenical Temple.
  7837 | Temple   | Entered the Ecumenical Temple
  8119 | Temple   | Became a worshipper of Dithmenos the Shadowed
  8528 | D:7      | Reached skill level 1 in Conjurations
  9354 | D:7      | Upgraded the game from 0.28-a0-381-g937acc2988 to
                  | 0.28-a0-384-g9e0c098162
  9768 | D:7      | Noticed a boulder beetle
  9769 | D:7      | Noticed a deep elf pyromancer
 10244 | D:7      | Slain by a vampire mosquito

Illustrated notes

Levels and vault maps discovered:
D:1:      saegor_arrival_simple_e, layout_loops_corners, serial_shops, shop
D:2:      layout_rooms, serial_shops, nicolae_shop_behind_doors,
          minmay_statues_item, corexii_leaking_fountain, grunt_decor_clamped,
          uniq_robin
D:3:      layout_rooms, chequers_temple_overflow_statue_of_worship,
          mainiacjoe_overflow_small_starburst, kennysheep_minor_cross
D:4:      layout_loops_corners, nicolae_elyvilon_peaceful_grove
D:5:      layout_loops_ring, serial_shops, shop, nicolae_shop_trees,
          nicolae_shop_trees, shop, nrook_campfire
D:6:      layout_cave_pools, zin_scriptorium, temple_hall, st_stairs_3
D:7:      nzn_winding_woodlands_cross
          [nzn_winding_woodlands_5x15_pathside_ponds,
          nzn_winding_woodlands_5x15_eye, nzn_winding_woodlands_5x15_default,
          nzn_winding_woodlands_5x15_river_crossing,
          nzn_winding_woodlands_15x15_killbox], layout_basic,
          grunt_temple_overflow_growth_and_decay, uniq_maggie
Temple:   minmay_temple_curvy_loop

Skill      XL: |  1  2  3  4  5  6  7  8  9 |
---------------+----------------------------+-----
Stealth        | 6 7 8 9 |  9.4
Short Blades   | 3 4 5 |  5.2
Dodging        | 2 3 4 5 6 |  6.0
Spellcasting   | 1 2 3 4 |  4.3
Evocations     | 1 2 3 |  3.5
Fighting       | 3 4 |  4.4
Throwing       | 3 4 |  4.6
Summonings     | 1 2 |  2.5
Poison Magic   | 1 2 |  2.4
Air Magic      | 1 2 |  2.3
Armour         | 1 2 |  2.0
Conjurations   | 1 |  1.5

Action                   |  1- 3 |  4- 6 |  7- 9 || total
-------------------------+-------+-------+-------++-------
Melee: Dagger            |    91 |   170 |   555 ||   816
Throw: Dart              |     3 |    27 |    10 ||    40
 Cast: Call Imp          |       |       |    51 ||    51
       Magic Dart        |       |       |     1 ||     1
Evoke: Wand              |       |       |     7 ||     7
  Use: Scroll            |     2 |     4 |     9 ||    15
       Potion            |     2 |       |     2 ||     4
 Stab: Sleeping          |    17 |    14 |    21 ||    52
       Distracted        |       |     1 |     3 ||     4
Armor: Robe              |    13 |    46 |   134 ||   193
Dodge: Dodged            |    51 |   115 |   412 ||   578

Table legend: (Time is in decaauts)
 A = Elapsed time spent in this place.
 B = Non-inter-level travel time spent in this place.
 C = Inter-level travel time spent in this place.
 D = Time resting spent in this place.
 E = Time spent auto-exploring this place.
 F = Levels seen in this place.
 G = Mean time per level.
                   A        B        C        D        E       F      G
               +--------+--------+--------+--------+--------+-----+--------+
         Total |  10077 |   9733 |    344 |   2414 |   5299 |   8 | 1259.6 |
       Dungeon |   9763 |   9500 |    263 |   2414 |   5077 |   7 | 1394.7 |
        Temple |    314 |    233 |     81 |      0 |    222 |   1 |  314.0 |
               +--------+--------+--------+--------+--------+-----+--------+

Top non-repeatable levels by time:
     D:7: 1954 daAuts
     D:1: 1765 daAuts
     D:5: 1764 daAuts
     D:4: 1437 daAuts
     D:6: 1282 daAuts
     D:2: 1005 daAuts
     D:3: 554 daAuts
  Temple: 314 daAuts
